 Dungeon Crawl Stone Soup version 0.27-a0-869-g165b36e3f0 (webtiles) character file.

Game seed: 13631568647160305953

1404 robertstho the Chopper (level 8, -8/73 HPs)
             Began as a Minotaur Delver on Apr 2, 2021.
             Was a Believer of Okawaru.
             Killed by divine providence
             ... invoked by an orc priest
              (14 damage)
             ... on level 7 of the Dungeon.
             The game lasted 00:07:57 (5724 turns).

robertstho the Chopper (Minotaur Delver)            Turns: 5724, Time: 00:07:58

Health: -8/73      AC:  7    Str: 19    XL:     8   Next: 42%
Magic:  9/9        EV: 17    Int:  7    God:    Okawaru [**....]
Gold:   146        SH:  0    Dex: 18    Spells: 7/7 levels left

rFire    . . .     SeeInvis .   a - +0 hand axe
rCold    + . .     Faith    .   (no shield)
rNeg     . . .     Spirit   .   f - +1 ring mail {rC+}
rPois    .         Reflect  .   (helmet restricted)
rElec    .         Harm     .   (no cloak)
rCorr    .         Rampage  .   (no gloves)
Will     .....                  (no boots)
Stlth    ++........             (no amulet)
HPRegen  0.22/turn              j - +4 ring of evasion
MPRegen  0.11/turn              l - +6 ring of dexterity

@: invisible
A: horns 2, retaliatory headbutt
a: Renounce Religion, Heroism


You were on level 7 of the Dungeon.
You worshipped Okawaru.
Okawaru was pleased with you.
You visited 1 branch of the dungeon, and saw 7 of its levels.

You collected 250 gold pieces.
You spent 104 gold pieces at shops.

Inventory:

Hand Weapons
 a - a +0 hand axe (weapon)
Armour
 f - a +1 ring mail of cold resistance (worn)
Jewellery
 j - a +4 ring of evasion (left hand)
 l - a +6 ring of dexterity (right hand)
 s - a ring of fire
Wands
 b - a wand of paralysis (10)
 g - a wand of digging (3)
 w - a wand of polymorph (5)
Scrolls
 c - a scroll of fog
 d - 2 scrolls of magic mapping
 e - 3 scrolls of fear
 h - a scroll of blinking {unknown}
 k - a scroll of vulnerability
 m - a scroll of teleportation
 r - a scroll of silence
 u - 5 scrolls of identify
 v - a scroll of enchant weapon {unknown}
Potions
 i - a potion of attraction
 n - 3 potions of curing {unknown}
 o - a potion of ambrosia {unknown}
 p - a potion of might
 q - 2 potions of flight


   Skills:
 * Level 7.0 Fighting
 + Level 7.3 Axes
 * Level 6.4 Armour
 + Level 3.8 Dodging
 - Level 4.1 Stealth
 * Level 2.9 Invocations


You had 7 spell levels left.
You didn't know any spells.
Your spell library contained the following spells:

 Spells                   Type           Power      Damage    Failure   Level
 Beastly Appendage        Tmut           0%         N/A       58%         1
 Wereblood                Tmut           0%         N/A       75%         2
 Spider Form              Tmut/Pois      0%         N/A       92%         3
 Ice Form                 Ice/Tmut       0%         N/A       100%        4
 Hydra Form               Tmut           0%         N/A       100%        5


Dungeon Overview and Level Annotations

Branches:
Dungeon (7/15)
 Temple: D:4-7

Altars:
Makhleb
Okawaru
Ru

Shops:
D:4 *

Annotations:
D:4 1 runed translucent door, Sweeb's ghost, novice DsFi


Innate Abilities, Weirdness & Mutations

You have a pair of horns on your head.
You reflexively headbutt those who attack you in melee.


Message History

You hit the orc wizard but do no damage.
The orc warrior barely misses you. You furiously retaliate!
You headbutt the orc warrior!
The orc wizard points at itself and mumbles some strange words.
The orc wizard flickers and vanishes!
You hit the orc warrior but do no damage.
You headbutt the orc warrior, but do no damage.
The orc warrior is heavily wounded.
You hit the orc warrior but do no damage.
You hit something.
The orc warrior hits you with a +0 scimitar.
The orc warrior hits you with a +0 short sword of electrocution!
Something hits you but does no damage.
You hit the orc warrior.
The orc warrior is severely wounded.
You closely miss the orc warrior. You hit something but do no damage.
The orc warrior barely misses you. You furiously retaliate!
You headbutt the orc warrior.
The orc warrior hits you with a +0 short sword of electrocution!
Something barely misses you.
You hit the orc warrior but do no damage.
The orc warrior is severely wounded.
You barely miss the orc warrior. You barely miss something.
The orc warrior barely misses you.
The orc warrior hits you with a +0 short sword of electrocution.
You are electrocuted!
Unknown command.
Items here: )) [ ††.
The orc wizard gestures at itself while chanting.
The orc wizard flickers and vanishes!
The orc warrior hits you with a +0 short sword of electrocution.
You are electrocuted!!
* * * LOW HITPOINT WARNING * * *
The orc priest looks encouraged for a moment.
You fade into invisibility!
The orc warrior barely misses you. You furiously retaliate!
You headbutt the orc warrior.
The orc priest calls down the wrath of Beogh upon you.
Beogh smites you!
You die...

.........
...>.....
#........
#........
#.$......
#){......
#oo{.....
#oo......
#@#?.....
##.##.....
#..# #...$
#.## ####
#.# ##.#
#..# #..#
### #.##


You could see 2 orc warriors, an orc priest and an orc.

Vanquished Creatures
  A wyvern (D:7)
  3 necrophages
  An ogre (D:5)
  2 phantoms (D:4)
  A kobold brigand (D:4)
  A scorpion (D:4)
  A water moccasin zombie (D:5)
  A centaur zombie (D:5)
  A hound (D:5)
  A centaur skeleton (D:6)
  3 jellies
  3 iguanas
  Natasha (thrice) (D:3)
  A howler monkey skeleton (D:7)
  10 adders
  A white imp (D:5)
  An ufetubus (D:5)
  2 worms
  5 dart slugs
  6 orcs
  5 ball pythons
  14 bats
  9 endoplasms
  3 giant cockroaches
  9 hobgoblins
  10 jackals (D:2)
  4 quokkas (D:4)
  3 frilled lizards
  10 goblins
  10 kobolds
  9 rats
134 creatures vanquished.

Notes
Turn   | Place    | Note
-------+----------+-------------------------------------------
     0 | D:5      | robertstho the Minotaur Delver began the quest for the Orb.
     0 | D:5      | Reached XP level 1. HP: 19/19 MP: 0/0
    77 | D:4      | Reached skill level 1 in Armour
    77 | D:4      | Reached XP level 2. HP: 26/27 MP: 1/1
    80 | D:4      | Noticed a phantom
   310 | D:3      | Reached XP level 3. HP: 21/33 MP: 2/2
   317 | D:3      | Noticed Natasha
   329 | D:3      | Killed Natasha
   534 | D:1      | Reached XP level 4. HP: 41/41 MP: 3/3
   553 | D:1      | Found a faded altar of an unknown god.
  1069 | D:1      | Reached skill level 5 in Fighting
  1568 | D:2      | Reached XP level 5. HP: 48/48 MP: 4/4
  1723 | D:3      | Noticed Natasha
  1733 | D:3      | Killed Natasha
  2197 | D:3      | Noticed Natasha
  2205 | D:3      | Killed Natasha
  2437 | D:3      | Found an iron altar of Okawaru.
  2588 | D:3      | Became a worshipper of Warmaster Okawaru
  2633 | D:4      | Reached XP level 6. HP: 45/56 MP: 5/5
  2711 | D:4      | Found Wuosmisi's General Store.
  2713 | D:4      | Found a runed translucent door.
  2721 | D:4      | Bought a potion of invisibility for 104 gold pieces
  2778 | D:4      | Reached skill level 5 in Axes
  2778 | D:4      | Reached skill level 1 in Invocations
  3246 | D:4      | HP: 2/57 [poisoned by a kobold brigand]
  3703 | D:4      | Noticed Sweeb's ghost (novice DsFi)
  3768 | D:4      | Reached * piety under Okawaru
  3769 | D:4      | Reached XP level 7. HP: 40/62 MP: 5/7
  3975 | D:5      | Found a burning altar of Makhleb.
  4145 | D:5      | Found a sacrificial altar of Ru.
  4223 | D:5      | Reached ** piety under Okawaru
  4319 | D:5      | Reached skill level 5 in Armour
  4771 | D:6      | Reached XP level 8. HP: 68/71 MP: 8/8
  5724 | D:7      | Killed from afar by an orc priest

Illustrated notes

Levels and vault maps discovered:
D:1:      dpeg_arrival_ratfight, layout_basic, chequers_ecumenical_altar_island
D:2:      layout_basic, minmay_misc_feat_pillars
D:3:      layout_basic, okawaru_metal_pillars_1_2, kennysheep_generic_room_14,
          uniq_natasha
D:4:      cheibrodos_thug_alley, layout_cave_pools, ebering_ghost_sewer_d,
          serial_shops, shop_fountains
D:5:      layout_rooms, kennysheep_little_box, lemuel_tele_altar,
          eino_tiny_chamber, uniq_prince_ribbit1
D:6:      layout_loops_ring
D:7:      layout_cave_pods, lemuel_round_altar, old_standard_altar,
          minmay_temple_entry_proselytizer, ebering_ghost_reflecting_pool

Skill      XL: |  1  2  3  4  5  6  7  8 |
---------------+-------------------------+-----
Fighting       | 4 5 6 7 |  7.0
Armour         | 1 2 3 4 5 6 |  6.4
Axes           | 3 4 5 6 7 |  7.3
Dodging        | 3 |  3.8
Invocations    | 1 2 |  2.9
Stealth        | |  4.1

Action                   |  1- 3 |  4- 6 |  7- 9 || total
-------------------------+-------+-------+-------++-------
Melee: Hand axe          |    53 |   200 |   115 ||   368
       Headbutt          |     7 |    29 |    27 ||    63
  Use: Potion            |     1 |     5 |     1 ||     7
       Scroll            |       |    10 |       ||    10
 Stab: Sleeping          |     3 |    17 |     2 ||    22
       Distracted        |       |     1 |       ||     1
Armor: Leather armour    |     8 |    24 |       ||    32
       Ring mail         |       |     4 |    20 ||    24
Dodge: Dodged            |    54 |   137 |    97 ||   288

Table legend: (Time is in decaauts)
 A = Elapsed time spent in this place.
 B = Non-inter-level travel time spent in this place.
 C = Inter-level travel time spent in this place.
 D = Time resting spent in this place.
 E = Time spent auto-exploring this place.
 F = Levels seen in this place.
 G = Mean time per level.
                   A        B        C        D        E       F      G
               +--------+--------+--------+--------+--------+-----+--------+
         Total |   5749 |   5564 |    185 |    489 |   4109 |   7 |  821.3 |
       Dungeon |   5749 |   5564 |    185 |    489 |   4109 |   7 |  821.3 |
               +--------+--------+--------+--------+--------+-----+--------+

Top non-repeatable levels by time:
     D:3: 1427 daAuts
     D:4: 1102 daAuts
     D:6: 883 daAuts
     D:1: 740 daAuts
     D:5: 737 daAuts
     D:2: 647 daAuts
     D:7: 210 daAuts
